 Dungeon Crawl Stone Soup version 0.10.4 character file.

637 MisterOstroum the Vexing (level 7, -1/48 HPs)
             Began as a Human Enchanter on Sept 29, 2019.
             Was an Initiate of Ashenzari.
             Slain by Edmund
             ... wielding a +1,+0 flail of protection
              (10 damage)
             ... on Level 5 of the Dungeon.
             The game lasted 00:36:18 (5578 turns).

MisterOstroum the Vexing (Human Enchanter)          Turns: 5578, Time: 00:36:18

HP  -1/48        AC  5     Str  8      XL: 7   Next: 29%
MP   5/15        EV 11     Int 17      God: Ashenzari [......]
Gold 172         SH  8     Dex 14      Spells:  3 memorised,  7 levels left

Res.Fire  : . . .   See Invis. : .   a - +1 dagger {=f}
Res.Cold  : . . .   Warding    : . . B - +1 robe
Life Prot.: . . .   Conserve   : .   E - +0 dwarf buckler
Res.Acid. : . . .   Res.Corr.  : .   (no helmet)
Res.Poison: .       Clarity    : .   (no cloak)
Res.Elec. : .       Spirit.Shd : .   e - +0 pair of gloves
Sust.Abil.: . .     Stasis     : .   g - +0 pair of boots
Res.Mut.  : .       Ctrl.Telep.: .   (no amulet)
Res.Rott. : .       Levitation : .   (no ring)
Saprovore : . . .   Ctrl.Flight: .   (no ring)

@: very slightly contaminated, slightly resistant to hostile enchantments,
fairly stealthy
A: no striking features
a: Renounce Religion


You were on level 5 of the Dungeon.
You worshipped Ashenzari.
Ashenzari was noncommittal.
You were hungry.

You visited 2 branches of the dungeon, and saw 7 of its levels.

You collected 152 gold pieces.

Inventory:

Hand weapons
 a - a +1,+1 dagger (weapon) {=f}
 b - a +0,+0 sling
 m - a +1,+1 vampiric short sword
 n - a +0,+0 bow
 p - a -1,+0 orcish dagger
 t - a +0,+0 orcish dagger
 u - a +0,+1 dagger
 v - a +0,+0 dagger (quivered)
 x - a +0,+1 orcish dagger
 y - a +2,+0 elven dagger
 C - a +0,+0 dagger
 F - a cursed +0,-2 war axe
 G - a +0,+0 spear
 I - a +0,+1 spear
 O - a +0,+0 dagger
Missiles
 o - 40 +0 stones
 q - 23 +0 darts
 r - 32 +0 bolts
 z - 3 silver +0 darts
 D - 16 +4 darts
 J - 4 +0 sling bullets
 K - 3 exploding +3 darts
 L - a poisoned +1 dart
 N - 10 +0 arrows of flame
Armour
 e - a +0 pair of gloves (worn)
 g - a +0 pair of boots (worn)
 B - a +1 robe (worn)
 E - a +0 dwarven buckler (worn)
Magical devices
 h - a wand of paralysis (21) {unknown}
Comestibles
 f - 3 bread rations
 k - a rotting chunk of quokka flesh
 M - a meat ration
 V - 4 chunks of centaur flesh
Scrolls
 j - a scroll of teleportation {@r3 !r}
 l - a scroll of magic mapping {unknown}
 s - a scroll of amnesia {unknown}
 A - 2 scrolls of recharging
 H - a scroll of detect curse
 P - a scroll of fear {unknown}
 U - a scroll of enchant weapon I {unknown}
Potions
 d - a potion of speed
 i - 2 potions of curing
 w - 2 potions of mutation
 Q - a potion of might {unknown}
 T - a potion of poison {unknown}
Books
 c - a book of Maledictions

   Spells                             Type                      Level
   *Corona                            Hexes                        1
   Sure Blade                         Hexes/Charms                 2
   *Ensorcelled Hibernation           Hexes/Ice                    2
   *Confuse                           Hexes                        3
   Enslavement                        Hexes                        4
   Invisibility                       Hexes                        6


   Skills:
 + Level 2.6 Fighting
 - Level 2.1 Short Blades
 - Level 1.0 Throwing
 - Level 2.0 Dodging
 - Level 3.0 Stealth
 - Level 2.0 Stabbing
 - Level 1.1 Shields
 + Level 0.5 Traps & Doors
 + Level 3.5 Spellcasting
 - Level 5.1 Hexes
 - Level 2.0 Ice Magic


You had 7 spell levels left.
You knew the following spells:

 Your Spells              Type           Power        Failure   Level  Hunger
a - Corona                Hex            ####....     2%          1    None
b - Ensorcelled Hibernat  Ice/Hex        ####...      10%         2    Strawberry
c - Confuse               Hex            ####.....    10%         3    Choko

Dungeon Overview and Level Annotations

Branches:
Dungeon (6/27)             Temple (1/1) D:5
    Orc: D:6-11

Altars:
Ashenzari
Cheibriados
Elyvilon
Makhleb
Nemelex Xobeh
The Shining One
Vehumet
Xom
Yredelemnul
Zin

Annotations
D:2 Sigmund
D:5 Edmund


Message History

Aim: Edmund, wielding a glowing flail and wearing a runed chain mail Edmund resists with some effort.
Edmund hits you but does no damage.
Casting: Ensorcelled Hibernation
Confirm with . or Enter, or press ? or * to list all spells.
Aiming: Ensorcelled Hibernation
Press: ? - help, Shift-Dir - straight line, f/p - Edmund
Aim: Edmund, wielding a glowing flail and wearing a runed chain mail You miscast Ensorcelled Hibernation.
You are very lightly contaminated with residual magic.
Your hands glow momentarily.
Edmund hits you with a glowing flail.
Casting: Ensorcelled Hibernation
Confirm with . or Enter, or press ? or * to list all spells.
You don't have enough magic to cast that spell.
Casting: Ensorcelled Hibernation
Confirm with . or Enter, or press ? or * to list all spells.
You don't have enough magic to cast that spell.
Unknown command.
Press: ? - help, v - describe, . - travel A floor.
A giant gecko skeleton comes into view.
Found 16 gold pieces.
You hit the giant gecko skeleton.
The giant gecko skeleton barely misses you.
You barely miss the giant gecko skeleton.
The giant gecko skeleton closely misses you.
Your magical contamination has completely faded away.
The gnoll picks up some gold.
The giant gecko skeleton bites you but does no damage.
The giant gecko skeleton closely misses you.
The giant gecko skeleton bites you but does no damage.
Edmund closely misses you.
The giant gecko skeleton bites you but does no damage.
The gnoll shouts!
The gnoll throws a stone.
The stone misses you. Edmund hits you with a glowing flail.
You see here a stone.
Edmund hits you but does no damage.
Casting: Ensorcelled Hibernation
Confirm with . or Enter, or press ? or * to list all spells.
Aiming: Ensorcelled Hibernation
Press: ? - help, Shift-Dir - straight line, f/p - Edmund
Aim: Edmund, wielding a glowing flail and wearing a runed chain mail Edmund easily resists.
Edmund hits you with a glowing flail.
Casting: Ensorcelled Hibernation
Confirm with . or Enter, or press ? or * to list all spells.
Aiming: Confuse
Press: ? - help, Shift-Dir - straight line, f/p - Edmund
Aim: Edmund, wielding a glowing flail and wearing a runed chain mail You miscast Confuse.
You are very lightly contaminated with residual magic.
Edmund barely misses you.
There is a stone staircase leading down here.
The gnoll throws a stone.
The stone hits you!
You see here a stone.
Edmund hits you with a glowing flail.
Edmund says, "A flail is better than a scythe, any day of the week!"
The gnoll throws a stone.
The stone hits you!
You see here a stone.
Edmund clears his throat.
The giant gecko skeleton barely misses you.
The iguana hisses angrily.
The gnoll throws a stone.
The stone misses you. Edmund barely misses you.
The gnoll throws a stone.
The stone hits you!
You see here a stone.
The gnoll throws a stone.
You block the stone.
You see here a stone.
You see here 5 gold pieces.
You now have 172 gold pieces (gained 5).
Edmund hits you with a glowing flail.
You see here the cursed ring mail of Trog's Displeasure {+Inv +Lev SInv}.
There is a stone staircase leading down here.
Press: ? - help, v - describe, . - travel, g - get item A scroll of identify.
A floor.
A kobold comes into view. It is wielding a dagger.
The kobold shouts!
You see here a scroll of identify {@r1}.
Edmund hits you with a glowing flail.
The giant gecko skeleton completely misses you.
The iguana bites you!
The gnoll hits you from afar with a spear.
The gnoll throws a stone.
You block the stone.
Found a stone staircase leading down.
You see here a stone.
A giant cockroach comes into view.
Casting: Confuse
Confirm with . or Enter, or press ? or * to list all spells.
Aiming: Ensorcelled Hibernation
Press: ? - help, Shift-Dir - straight line, f/p - Edmund
Aim: Edmund, wielding a glowing flail and wearing a runed chain mail The iguana easily resists.
You are feeling hungry.
The iguana closely misses you.
Found 17 bolts.
You smell something rotten. (slot k)
A gnoll comes into view. It is wielding a spear.
The iguana bites you!
* * * LOW HITPOINT WARNING * * *
Edmund hits you with a glowing flail!
You die...

##...# #l######K...#
#....#######.######g####
#.......l.........#.#
#......(.........g#.#
.................g#K#
##.......##...##.##g######.
..................z.........
.....g..........l@.....###.
....(.####......@###>..#
.....................s....
......####...###.######(..
.##...# ##### #.# .. .##...#
#.# .##...# ##### #.#
.##...###...# #.#
.##.(...#..(####.##
..........g.......g.


You could see Edmund, an iguana, 3 gnolls, a giant cockroach (sleeping), a
kobold and a giant gecko skeleton.

Vanquished Creatures
  A centaur (D:5)
  The ghost of MisterOstroum the Sneak, a weakling HuEn of Nemelex Xobeh (D:3)
  A hound (D:6)
  3 worker ants
  An iguana (D:5)
  3 adders
  9 gnolls
  A worm (D:4)
  A bat skeleton (D:5)
  4 oozes
  An orc (D:4)
  3 ball pythons
  16 goblins
  12 hobgoblins
  3 quokkas
  8 bats
  3 giant cockroaches
  3 giant geckos
  5 giant newts
  A goblin zombie (D:4)
  5 jackals
  12 kobolds
  A kobold skeleton (D:4)
  15 rats
  3 toadstools (D:4)
116 creatures vanquished.

Vanquished Creatures (others)
  2 rats (D:2)
2 creatures vanquished.

Grand Total: 118 creatures vanquished

Notes
Turn   | Place    | Note
--------------------------------------------------------------
     0 | D:1      | MisterOstroum, the Human Enchanter, began the quest for the Orb.
     0 | D:1      | Reached XP level 1. HP: 13/13 MP: 3/3
   231 | D:1      | Reached XP level 2. HP: 19/19 MP: 4/4
   267 | D:1      | Learned a level 2 spell: Ensorcelled Hibernation
   928 | D:1      | Reached XP level 3. HP: 21/24 MP: 2/5
  1325 | D:2      | Noticed Sigmund
  1452 | D:2      | Reached skill level 4 in Hexes
  1599 | D:2      | Reached XP level 4. HP: 12/30 MP: 1/7
  2546 | D:3      | Noticed MisterOstroum's ghost (weakling HuEn)
  2636 | D:2      | Reached XP level 5. HP: 17/35 MP: 1/8
  2881 | D:3      | Killed MisterOstroum's ghost
  3189 | D:3      | Found a white marble altar of Elyvilon.
  3644 | D:2      | Learned a level 3 spell: Confuse
  3802 | D:4      | Found a basalt altar of Yredelemnul.
  4187 | D:4      | Reached XP level 6. HP: 41/41 MP: 8/11
  4224 | D:4      | Reached skill level 5 in Hexes
  4872 | D:6      | Noticed Edmund
  4901 | D:5      | Entered Level 5 of the Dungeon
  4944 | D:5      | Found a staircase to the Ecumenical Temple.
  4954 | Temple   | Entered the Ecumenical Temple
  5015 | Temple   | Became a worshipper of Ashenzari the Shackled
  5380 | D:5      | Reached XP level 7. HP: 25/48 MP: 7/14
  5578 | D:5      | Slain by Edmund
